AoeStats
← D哥

Nomad

509914519Analyzed
4v4 RM · 4d ago on Sep 28, 2026· 40m 24s· 8 players
Game mode
Random Map
Map size
231×231
Population
200
Speed
Normal
Resources
Standard
Victory
Conquest
Starting age
Dark Age
Ending age
Imperial Age
RankedLock teamsTeams togetherTeam positionsShared explorationLock speedFull tech treeHidden civsTurbo modeCheats
Victory
Defeat
🇭🇰 Spanish · Hong Kong SAR China
1564
+13
🇭🇰 Mongols · Hong Kong SAR China
1519
+15
🇭🇰 Celts · Hong Kong SAR China
1517
+15
🇨🇳 Khmer · China
1457
+18
🇧🇪 Malians · Belgium
1574
-18
🇧🇪 Varangians · Belgium
1568
-18
🇧🇪 Danes · Belgium
1464
-14
🇧🇪 Lithuanians · Belgium
1390
-11
flem.Dieterkiller
5:57 Loom
13:07 Feudal Age
16:51 Castle Age
16:27 Forging
18:51 Double-Bit Axe
30:48 Horse Collar
34:18 Squires
36:00 Wheelbarrow
39:44 Imperial Age
37:41 Bow Saw
39:35 Scale Mail Armor
40:11 Iron Casting
40:46 Chain Mail Armor
Piedje Spastcoman
4:55 Loom
13:19 Feudal Age
17:12 Castle Age
17:05 Double-Bit Axe
21:35 Medium Warships
21:50 Bow Saw
26:08 Wheelbarrow
25:22 Horse Collar
25:59 Town Watch
31:11 Scale Mail Armor
32:54 Squires
32:40 Arson
34:21 Hamask
35:57 Fletching
37:26 Ballistics
39:20 Chain Mail Armor
42:19 Imperial Age
flem.TheLastBender
6:47 Loom
13:48 Feudal Age
17:16 Castle Age
15:06 Fishing Lines
15:34 Scale Barding Armor
16:33 Forging
16:21 Double-Bit Axe
19:08 Wheelbarrow
18:20 Town Watch
18:59 Gold Mining
19:19 Bow Saw
21:30 Chain Barding Armor
22:02 Horse Collar
26:37 Bloodlines
26:27 Husbandry
32:37 Fletching
37:53 Imperial Age
36:36 Iron Casting
36:05 Bodkin Arrow
36:42 Heavy Plow
36:55 Masonry
37:08 Stone Mining
39:14 Plate Barding Armor
39:20 Architecture
39:55 Chemistry
paljas
4:10 Loom
17:26 Feudal Age
18:31 Double-Bit Axe
22:51 Castle Age
22:24 Horse Collar
30:23 Castle Age
35:47 Wheelbarrow
36:45 Hand Cart
evi
4:10 Loom
14:30 Feudal Age
19:02 Castle Age
27:25 Fletching
28:02 Double-Bit Axe
31:30 Wheelbarrow
33:38 Bow Saw
33:55 Fishing Lines
36:03 Gillnets
36:18 Gold Mining
37:56 Hand Cart
42:59 Imperial Age
羅敏莊
6:15 Loom
14:09 Feudal Age
16:22 Double-Bit Axe
18:58 Castle Age
17:15 Double-Bit Axe
19:00 Fishing Lines
20:36 Fletching
21:36 Husbandry
29:35 Padded Archer Armor
30:08 Bloodlines
33:35 Leather Archer Armor
34:43 Wheelbarrow
37:00 Town Watch
37:15 Gillnets
39:33 Horse Collar
43:16 Imperial Age
D哥
4:36 Loom
15:30 Feudal Age
18:20 Castle Age
16:18 Double-Bit Axe
16:16 Fishing Lines
23:10 Bloodlines
24:41 Bow Saw
25:15 Horse Collar
26:41 Scale Barding Armor
28:01 Forging
28:46 Forging
29:21 Wheelbarrow
29:30 Heavy Plow
29:27 Gold Mining
34:55 Imperial Age
32:13 Town Watch
33:56 Hand Cart
33:36 Stone Mining
34:24 Gold Shaft Mining
35:13 Stone Shaft Mining
35:16 Husbandry
36:21 Conscription
36:43 Medium Warships
36:45 Elite Ballista Elephant
37:27 Double Crossbow
39:54 Crop Rotation
40:39 Chemistry
39:52 Fletching
40:30 Ballistics
40:34 Bodkin Arrow
局長
4:33 Loom
14:41 Feudal Age
15:07 Fishing Lines
15:14 Double-Bit Axe
18:10 Castle Age
16:16 Stone Mining
17:48 Gold Mining
19:03 Wheelbarrow
19:08 Bow Saw
19:08 Gillnets
19:57 Fletching
20:07 Padded Archer Armor
20:38 Bodkin Arrow
23:25 Husbandry
23:36 Bloodlines
26:27 Ballistics
26:38 Thumb Ring
27:43 Town Watch
37:26 Imperial Age
35:35 Hand Cart
36:09 Gold Shaft Mining
37:16 Murder Holes
39:15 Chemistry
38:39 Bracer
39:47 Parthian Tactics
40:21 Leather Archer Armor
40:36 Conscription
Connection lost

Rejoining the realm…

Still unreachable

The connection could not be restored.

Session expired

The server has moved on; the page needs a fresh start.